 Dungeon Crawl Stone Soup version 0.20.0-6-gd3061e9 (webtiles) character file.

28682 dvd the Reanimator (level 13, -7/98 HPs)
             Began as a Deep Dwarf Necromancer on May 28, 2017.
             Was a High Priest of Makhleb.
             Mangled by a minotaur
             ... wielding a +4 dagger of venom
              (18 damage)
             ... in a labyrinth.
             The game lasted 01:29:21 (17312 turns).

dvd the Reanimator (Deep Dwarf Necromancer)        Turns: 17312, Time: 01:29:22

Health: -7/98      AC: 14    Str: 21    XL:     13   Next: 11%
Magic:  1/26       EV: 15    Int: 16    God:    Makhleb [*****.]
Gold:   1303       SH:  0    Dex: 16    Spells: 20/32 levels left

rFire    + . .     SeeInvis .   S - +3 war axe (vamp)
rCold    + . .     Gourm    .   (no shield)
rNeg     . . .     Faith    .   z - +4 ring mail
rPois    .         Spirit   .   J - +2 hat {MR+}
rElec    .         Reflect  .   T - +0 cloak
rCorr    .         Harm     .   (no gloves)
MR       ++...                  (no boots)
Stlth    ++........             I - amulet of magic regeneration
Regen    0.0/turn               w - ring of protection from cold
MPRegen  0.3/turn               o - ring of protection from fire

@: mighty, lethally poisoned (-7 -> -8), flying, non-regenerating
A: damage resistance, heal wounds, antennae 1, agile 1, frail 1, sense
surroundings 2, no regeneration
a: Heal Wounds, Minor Destruction, Lesser Servant of Makhleb, Major Destruction,
Greater Servant of Makhleb, Renounce Religion


You were in a labyrinth.
You worshipped Makhleb.
Makhleb was extremely pleased with you.
You were not hungry.

You visited 4 branches of the dungeon, and saw 16 of its levels.
You also visited: Labyrinth and Ice Cave.

You collected 1541 gold pieces.
You spent 238 gold pieces at shops.

Inventory:

Hand Weapons
 d - a +0 long sword
 g - a +2 hand axe of electrocution
 S - a +3 vampiric war axe (weapon)
Armour
 y - the +2 leather armour of the Planets {Str+5}
   (You bought it in a shop on level 4 of the Dungeon)

   It affects your strength (+5).
 z - a +4 ring mail (worn)
 J - a +2 hat of magic resistance (worn)
 T - a +0 cloak (worn)
Jewellery
 a - an uncursed amulet of the gourmand
 j - an uncursed amulet of rage
 m - an uncursed ring of flight
 o - a ring of protection from fire (right hand)
 w - a ring of protection from cold (left hand)
 A - an uncursed ring of protection from fire
 E - a +2 ring of protection
 I - an amulet of magic regeneration (around neck)
 K - an uncursed ring of protection from cold
Wands
 k - a wand of lightning (6/15)
 v - a wand of iceblast (5/15)
 D - a wand of iceblast (7/15)
 F - a wand of iceblast (6/15)
 H - a wand of confusion (37/48)
 L - a wand of paralysis (8/24)
 P - a wand of clouds (5/9)
 Q - a wand of digging (16/24)
Scrolls
 h - 17 scrolls of identify
 p - 3 scrolls of remove curse
 q - a scroll of blinking
 u - a scroll of teleportation
 B - a scroll of fog
 C - 2 scrolls of recharging
 O - a scroll of amnesia
Potions
 e - 3 potions of resistance
 l - 4 potions of curing
 r - a potion of flight
 s - a potion of might
 t - a potion of brilliance
Books
 b - a book of Necromancy

   Spells                             Type                      Level
   a - Pain                           Necromancy                   1
   b - Animate Skeleton               Necromancy                   1
   c - Vampiric Draining              Necromancy                   3
   d - Regeneration                   Charms/Necromancy            3
   e - Animate Dead                   Necromancy                   4
   f - Control Undead                 Necromancy                   4
 f - a book of Frost

   Spells                             Type                      Level
   a - Freeze                         Ice                          1
   b - Throw Frost                    Conjuration/Ice              2
   c - Ozocubu's Armour               Charms/Ice                   3
   d - Throw Icicle                   Conjuration/Ice              4
   e - Summon Ice Beast               Ice/Summoning                4
 n - a book of Changes

   Spells                             Type                      Level
   a - Beastly Appendage              Transmutation                1
   b - Sticks to Snakes               Transmutation                2
   c - Spider Form                    Transmutation/Poison         3
   d - Ice Form                       Ice/Transmutation            4
   e - Blade Hands                    Transmutation                5
 M - a book of Cantrips

   Spells                             Type                      Level
   a - Confusing Touch                Hexes                        1
   b - Animate Skeleton               Necromancy                   1
   c - Summon Small Mammal            Summoning                    1
   d - Apportation                    Translocation                1
Comestibles
 c - 12 bread rations
 i - 44 fruits
 x - 4 meat rations
 G - a chunk of flesh
 N - 2 royal jellies


   Skills:
 + Level 5.2 Fighting
 + Level 6.6 Long Blades
 + Level 6.4 Axes
   Level 0.2(3.5) Maces & Flails
 + Level 7.6 Armour
 + Level 6.6 Dodging
 + Level 4.2 Stealth
 + Level 10.3 Spellcasting
 + Level 12.6 Necromancy
 + Level 7.9 Invocations


You had 20 spell levels left.
You knew the following spells:

 Your Spells              Type           Power        Failure   Level  Hunger
a - Pain                  Necr           ####         1%          1    None
b - Vampiric Draining     Necr           #####.....   1%          3    None
c - Control Undead        Necr           #####.....   1%          4    ###....
d - Animate Dead          Necr           N/A          1%          4    ###....


Dungeon Overview and Level Annotations

Branches:
Dungeon (11/15)            Temple (1/1) D:5            Lair (3/6) D:11
 Spider (0/4) Lair:2          Orc (1/2) D:10
  Swamp: Lair:2-4    Shoals: Lair:2-4

Altars:
Ashenzari
Cheibriados
Dithmenos
Elyvilon
Fedhas
Gozag
Hepliaklqana
Kikubaaqudgha
Makhleb
Nemelex Xobeh
Okawaru
Qazlal
Ru
Sif Muna
Trog
Uskayaw
Vehumet
Xom
Yredelemnul
Zin
The Shining One

Shops:
D:4 [   D:5 }   D:6 [   D:8 ?   Orc:1 *


Innate Abilities, Weirdness & Mutations

You are resistant to damage.
You can heal yourself by infusing magical energy.
You passively map the area around you.
You do not regenerate.
You have a pair of small antennae on your head.
You are agile. (Dex +2)
You are frail. (-10% HP)


Message History

Confirm with . or Enter, or press ? or * to list all spells.
Aiming: Vampiric Draining
Press: ? - help, Shift-Dir - straight line, f/p - minotaur
Aim: a minotaur, wielding a dagger of venom and wearing a shiny chain mail (severely wounded, poisoned)
The minotaur is severely wounded.
You feel life coursing into your body.
The minotaur hits you but does no damage.
You are more poisoned.
The minotaur gores you but does no damage.
Your orange demon barely misses the minotaur.
Unknown command.
Casting: Vampiric Draining
Confirm with . or Enter, or press ? or * to list all spells.
Aiming: Vampiric Draining
Press: ? - help, Shift-Dir - straight line, f/p - minotaur
Aim: a minotaur, wielding a dagger of venom and wearing a shiny chain mail (almost dead, poisoned)
The minotaur is almost dead.
You feel life coursing into your body.
You feel sick.
The minotaur hits you with a dagger of venom!!
You die...

## .# ##.##
.... #..# # #
#4.
#≈≈.#.#.######.
###
#≈<...H@.......
..
#≈≈.#.#..#####.
# # # # # #..#
# ... ##
####.### #### #
# .. .....#..
..# . .
.#..##.#. .#
##### ## ...
#.. #.# . .. #
# ###. #.###
.##### # . #.#
#.# ..# ..


You could see a minotaur and a friendly orange demon.

Vanquished Creatures
  Fannar (D:10)
  2 ice dragons (IceCv)
  A hydra (Lair:3)
  3 two-headed ogres
  An unseen horror (D:11)
  A deep elf mage (D:11)
  A cyclops (D:10)
  3 elephants (Lair:3)
  2 ice statues (IceCv)
  2 centaur zombies
  6 spiny frogs
  A black mamba (Lair:2)
  A komodo dragon (Lair:3)
  2 rime drakes (IceCv)
  2 trolls
  3 hippogriffs
  Prince Ribbit (D:8)
  3 blink frogs (Lair:1)
  A spriggan (D:8)
  A shadow (D:11)
  14 yaks
  3 wyverns
  The ghost of removed the Ruffian, an amateur VSEE of Ru (D:5)
  2 wraiths (D:7)
  2 hungry ghosts
  Grum (D:9)
  A steam dragon (shapeshifter) (D:11)
  2 hell hounds (D:11)
  6 water moccasins
  6 porcupines
  5 orc warriors
  An eye of draining (D:10)
  14 ice beasts (IceCv)
  A sky beast (D:5)
  9 ogres
  15 wolves
  3 crocodiles (Lair:3)
  5 centaurs
  2 big kobolds
  13 bullfrogs
  2 elf zombies (D:7)
  An elf skeleton (D:7)
  2 scorpions
  2 killer bees (D:10)
  2 howler monkeys
  An electric eel (Lair:3)
  A bullfrog zombie (D:5)
  5 crimson imps
  12 hounds
  7 jellies
  4 human zombies (D:7)
  A bullfrog skeleton (D:5)
  6 orc priests
  3 centaur skeletons
  2 iguanas
  8 orc wizards
  14 worker ants
  A hound zombie (D:8)
  A hound skeleton (D:8)
  2 mummies (D:7)
  2 worker ant zombies
  A howler monkey zombie (D:9)
  12 adders
  A howler monkey skeleton (D:9)
  A gnoll (D:8)
  A shadow imp (D:6)
  2 worms (D:2)
  2 adder skeletons
  2 adder zombies
  5 dart slugs
  8 leopard geckos
  28 orcs
  2 ball pythons
  3 giant cockroaches
  8 goblins
  7 hobgoblins
  20 jackals
  6 quokkas
  7 bats
  6 frilled lizards
  A jackal skeleton (D:5)
  14 kobolds
  An orc zombie (D:7)
  A quokka zombie (D:4)
  7 rats
369 creatures vanquished.

Vanquished Creatures (collateral kills)
  A hydra (D:11)
  A two-headed ogre (D:9)
  An elephant (Lair:3)
  A spiny frog (Lair:2)
  2 komodo dragons
  A rime drake (Lair:3)
  3 hippogriffs
  A yak (Lair:3)
  A warg (Orc:1)
  A water moccasin (Lair:3)
  A hornet zombie (D:7)
  A sky beast (D:9)
  2 centaurs (D:9)
  A phantom (D:9)
  15 wolves
  2 ogres (D:10)
  2 crocodiles
  3 bullfrogs
  3 killer bees (D:10)
  A howler monkey (D:10)
  A quasit (D:8)
  A hound (D:9)
  A jelly (D:10)
  3 orc wizards
  4 orcs
54 creatures vanquished.

Vanquished Creatures (others)
  An orc wizard (D:7)
  A plant (Lair:3)
2 creatures vanquished.

Grand Total: 425 creatures vanquished

Notes
Turn   | Place    | Note
-------+----------+-------------------------------------------
     0 | D:1      | dvd the Deep Dwarf Necromancer began the quest for the Orb.
     0 | D:1      | Reached XP level 1. HP: 15/15 MP: 3/3
   178 | D:1      | Reached XP level 2. HP: 22/22 MP: 0/4
   363 | D:1      | Reached skill level 5 in Necromancy
   820 | D:2      | Reached XP level 3. HP: 26/28 MP: 3/6
   858 | D:2      | Learned a level 3 spell: Vampiric Draining
   901 | D:2      | Found a burning altar of Makhleb.
   903 | D:2      | Found a snail-covered altar of Cheibriados.
  1531 | D:2      | Reached XP level 4. HP: 36/36 MP: 0/7
  1903 | D:2      | Found a hazy altar of Hepliaklqana.
  1905 | D:2      | Found a bloodstained altar of Trog.
  2202 | D:3      | Reached skill level 1 in Long Blades
  2602 | D:3      | Reached XP level 5. HP: 40/42 MP: 3/8
  2615 | D:3      | Found a deep blue altar of Sif Muna.
  2649 | D:2      | Became a worshipper of Makhleb the Destroyer
  2725 | D:4      | Reached skill level 1 in Armour
  2951 | D:4      | Learned a level 4 spell: Control Undead
  2972 | D:4      | Reached skill level 6 in Necromancy
  3256 | D:4      | Found Zitzukau's Antique Armour Emporium.
  3265 | D:4      | Noticed an ogre
  3317 | D:4      | Killed an ogre
  3317 | D:4      | Reached XP level 6. HP: 33/50 MP: 0/10
  3818 | D:4      | HP: 1/50 [ogre/giant spiked club (12)]
  4005 | D:4      | Reached XP level 7. HP: 41/56 MP: 1/12
  4306 | D:5      | Entered Level 5 of the Dungeon
  4312 | D:5      | Found a radiant altar of Vehumet.
  4333 | D:5      | Found Boumepn's Gadget Shop.
  4505 | D:5      | Reached skill level 7 in Necromancy
  4649 | D:5      | Reached skill level 1 in Fighting
  4932 | D:5      | Reached * piety under Makhleb
  5035 | D:5      | Noticed removed's ghost (amateur VSEE)
  5190 | D:5      | Reached XP level 8. HP: 25/64 MP: 10/14
  5291 | D:5      | Found a staircase to the Ecumenical Temple.
  5307 | Temple   | Entered the Ecumenical Temple
  5744 | D:4      | Bought a scorched leather armour for 238 gold pieces
  5754 | D:4      | Identified the +2 leather armour of the Planets {Str+5} (You bought it in a shop on level 4 of the Dungeon)
  6446 | D:5      | Reached skill level 5 in Spellcasting
  6605 | D:6      | Reached skill level 8 in Necromancy
  6761 | D:6      | Found Xoejy's Armour Boutique.
  7358 | D:7      | Reached ** piety under Makhleb
  7473 | D:7      | Gained mutation: You passively map the area around you. [Deep Dwarf growth]
  7473 | D:7      | Reached XP level 9. HP: 54/73 MP: 7/17
  7482 | D:7      | Reached skill level 1 in Invocations
  7971 | D:7      | Noticed a troll
  7983 | D:7      | Killed a troll
  8164 | D:7      | Reached skill level 9 in Necromancy
  8211 | D:7      | Identified a scroll of acquirement
  8308 | D:7      | Found a sparkling altar of Nemelex Xobeh.
  8532 | D:8      | Reached *** piety under Makhleb
  8641 | D:8      | Reached skill level 5 in Long Blades
  8789 | D:8      | Learned a level 4 spell: Animate Dead
  9159 | D:8      | Found Xaenod's Magic Scroll Shop.
  9249 | D:8      | Reached skill level 5 in Armour
  9414 | D:8      | Noticed Prince Ribbit
  9420 | D:8      | Killed Prince Ribbit
  9434 | D:8      | Reached XP level 10. HP: 67/81 MP: 19/19
  9938 | D:9      | Noticed a two-headed ogre
  9945 | D:9      | Killed a two-headed ogre
  9967 | D:9      | Noticed a two-headed ogre
  9978 | D:9      | Killed a two-headed ogre
  9978 | D:9      | Reached skill level 10 in Necromancy
 10001 | D:9      | Gained mutation: You have a pair of small antennae on your head. [potion of mutation]
 10001 | D:9      | Gained mutation: You evolve. [potion of mutation]
 10001 | D:9      | Gained mutation: You have sharp toenails. [potion of mutation]
 10060 | D:9      | Noticed Grum
 10067 | D:9      | Killed Grum
 10201 | D:9      | Reached skill level 5 in Invocations
 10299 | D:9      | Lost mutation: You evolve. [end of evolution]
 10426 | D:9      | Noticed a two-headed ogre
 10435 | D:9      | Killed a two-headed ogre
 10490 | D:9      | Found a stormy altar of Qazlal.
 10659 | D:10     | Entered Level 10 of the Dungeon
 10682 | D:10     | Reached **** piety under Makhleb
 10860 | D:10     | Noticed a two-headed ogre
 10882 | D:10     | Killed a two-headed ogre
 10882 | D:10     | Reached XP level 11. HP: 84/90 MP: 13/22
 11075 | D:10     | Reached skill level 5 in Dodging
 11187 | D:10     | Found a staircase to the Orcish Mines.
 11727 | D:10     | Noticed Fannar
 11853 | D:10     | Killed Fannar
 12030 | D:8      | Reached skill level 11 in Necromancy
 12297 | D:7      | Found an ancient bone altar of Kikubaaqudgha.
 12444 | D:5      | Killed removed's ghost
 12621 | Orc:1    | Entered Level 1 of the Orcish Mines
 12621 | Orc:1    | Found Kamiaklit's Assorted Antiques.
 12624 | Orc:1    | Noticed an orc warlord
 12980 | D:11     | Found a staircase to the Lair.
 13001 | D:11     | Reached skill level 1 in Axes
 13010 | D:11     | Killed an unseen horror
 13261 | D:11     | Found a frozen archway.
 13278 | IceCv    | Entered an ice cave
 13613 | IceCv    | Noticed an ice dragon
 13614 | IceCv    | Noticed an ice dragon
 13632 | IceCv    | HP: 2/91 [ice dragon (10)]
 13635 | IceCv    | Killed an ice dragon
 13635 | IceCv    | Reached XP level 12. HP: 28/99 MP: 0/23
 13649 | IceCv    | Killed an ice dragon
 13872 | IceCv    | Reached ***** piety under Makhleb
 14093 | D:11     | Noticed an eight-headed hydra
 14100 | D:11     | Killed an eight-headed hydra
 14202 | D:11     | Gained mutation: Your mind is acute. (Int +2) [mutagenic meat]
 14203 | D:11     | Gained mutation: You are clumsy. (Dex -2) [mutagenic meat]
 14204 | D:11     | Gained mutation: You expend magic power (3 MP) to strengthen your wands. [mutagenic meat]
 14205 | D:11     | Gained mutation: Your spells are a little harder to cast, but a little more powerful. [mutagenic meat]
 14426 | Lair:1   | Entered Level 1 of the Lair of Beasts
 14591 | Lair:1   | Reached skill level 5 in Axes
 15294 | Lair:1   | Reached skill level 12 in Necromancy
 15998 | Lair:2   | Reached skill level 10 in Spellcasting
 16088 | Lair:2   | Lost mutation: Your spells are a little harder to cast, but a little more powerful. [potion of mutation]
 16088 | Lair:2   | Lost mutation: Your mind is acute. (Int +2) [potion of mutation]
 16088 | Lair:2   | Gained mutation: You are frail. (-10% HP) [potion of mutation]
 16088 | Lair:2   | Gained mutation: Your magical capacity is low. (-10% MP) [potion of mutation]
 16088 | Lair:2   | Gained mutation: You are surrounded by a mild repulsion field. (EV +2) [potion of mutation]
 16089 | Lair:2   | Lost mutation: You are surrounded by a mild repulsion field. (EV +2) [potion of mutation]
 16089 | Lair:2   | Lost mutation: Your magical capacity is low. (-10% MP) [potion of mutation]
 16089 | Lair:2   | Gained mutation: Your body sometimes deteriorates upon taking damage. [potion of mutation]
 16089 | Lair:2   | Gained mutation: You passively map a large area around you. [potion of mutation]
 16090 | Lair:2   | Lost mutation: You expend magic power (3 MP) to strengthen your wands. [potion of mutation]
 16090 | Lair:2   | Lost mutation: Your body sometimes deteriorates upon taking damage. [potion of mutation]
 16090 | Lair:2   | Lost mutation: You passively map a large area around you. [potion of mutation]
 16090 | Lair:2   | Lost mutation: You are clumsy. (Dex -2) [potion of mutation]
 16090 | Lair:2   | Lost mutation: You have sharp toenails. [potion of mutation]
 16090 | Lair:2   | Gained mutation: You are agile. (Dex +2) [potion of mutation]
 16360 | Lair:2   | Found a hole to the Spider Nest.
 17081 | Lair:3   | Reached skill level 5 in Fighting
 17087 | Lair:3   | Reached XP level 13. HP: 98/98 MP: 22/26
 17213 | Lair:3   | Found a labyrinth entrance.
 17222 | Lab      | Entered a labyrinth
 17292 | Lab      | Noticed a minotaur
 17306 | Lab      | HP: 1/98 [minotaur/dagger of venom (10)]
 17312 | Lab      | Mangled by a minotaur

Skill      XL: |  1  2  3  4  5  6  7  8  9 10 11 12 |
---------------+-------------------------------------+-----
Necromancy     | 5 6 7 8 9 10 11 12 | 12.6
Spellcasting   | 2 3 4 5 6 7 8 10 | 10.3
Long Blades    | 1 2 4 5 6 |  6.6
Armour         | 1 2 3 4 5 6 7 |  7.6
Fighting       | 1 2 3 4 5 |  5.2
Dodging        | 3 4 5 6 |  6.6
Stealth        | 3 4 |  4.2
Invocations    | 3 6 7 |  7.9
Axes           | 4 6 |  6.4
Maces & Flails | |  0.2

Action                   |  1- 3 |  4- 6 |  7- 9 | 10-12 | 13-15 || total
-------------------------+-------+-------+-------+-------+-------++-------
Melee: Unarmed           |     2 |       |       |       |       ||     2
       Whip              |    31 |       |       |       |       ||    31
       Long sword        |    10 |    86 |   391 |   228 |       ||   715
       Kick              |       |       |       |   197 |       ||   197
       War axe           |       |       |       |   408 |    21 ||   429
       Hand axe          |       |       |       |    44 |       ||    44
 Cast: Pain              |    51 |    11 |    14 |    31 |     7 ||   114
       Vampiric Draining |    12 |    42 |   134 |   287 |    16 ||   491
       Control Undead    |       |       |     8 |     2 |       ||    10
       Animate Dead      |       |       |     1 |    28 |     3 ||    32
Invok: Minor Destruction |       |       |    38 |    92 |     1 ||   131
       Lesser Servant of |       |       |     2 |    10 |     2 ||    14
       Major Destruction |       |       |       |     1 |       ||     1
 Abil: Heal Wounds       |       |       |       |     1 |       ||     1
  Use: Scroll            |     6 |       |    13 |    10 |       ||    29
       Potion            |       |     2 |       |    21 |     6 ||    29
 Stab: Sleeping          |       |     1 |     3 |     2 |       ||     6
       Distracted        |       |       |     1 |     7 |       ||     8
  Eat: Chunk             |    10 |    16 |    39 |    30 |     1 ||    96
       Royal jelly       |       |       |       |     2 |       ||     2
       Meat ration       |       |       |       |     1 |       ||     1
Armor: Robe              |     1 |       |       |       |       ||     1
       Leather armour    |    19 |    29 |    17 |       |       ||    65
       Ring mail         |       |     6 |   244 |   542 |    18 ||   810
Dodge: Dodged            |    58 |    92 |   398 |   863 |    41 ||  1452
       Rpst.: Long sword |     1 |    29 |   124 |    63 |       ||   217
